 Dungeon Crawl Stone Soup version 0.28.0-53-g5a82cb258f (webtiles) character file.

Game seed: 17206324981946686099

4663 MisterFreud the Covert (level 10, 0/82 HPs)
             Began as a Gnoll Delver on July 9, 2022.
             Was an Elder of Elyvilon.
             Slain by a yak (6 damage)
             ... on level 8 of the Dungeon.
             The game lasted 00:11:06 (10983 turns).

MisterFreud the Covert (Gnoll Delver)              Turns: 10983, Time: 00:11:06

Health: 0/82       AC:  9    Str: 13    XL:     10   Next: 43%
Magic:  16/17      EV: 13    Int: 13    God:    Elyvilon [****..]
Gold:   477        SH:  0    Dex: 13    Spells: 19/19 levels left

rFire   . . .      SeeInvis .   n - +2 dagger (elec)
rCold   . . .      Faith    .   (no shield)
rNeg    . . .      Spirit   .   y - +0 swamp dragon scales
rPois   +          Reflect  .   (no helmet)
rElec   .          Harm     .   (no cloak)
rCorr   .          Rampage  .   (no gloves)
Will    .....                   o - +0 pair of boots
Stlth   ++++......              (no amulet)
HPRegen 0.23/turn               (no ring)
MPRegen 0.15/turn               (no ring)

@: no status effects
A: fangs 1, strong nose, distributed training
a: Renounce Religion, Purification, Heal Other, Heal Self


You were on level 8 of the Dungeon.
You worshipped Elyvilon.
Elyvilon was greatly pleased with you.
You visited 1 branch of the dungeon, and saw 9 of its levels.

You collected 477 gold pieces.

Inventory:

Hand Weapons
 a - a +0 short sword of flaming
 e - the +6 mace "Welaet" {antimagic, Str+2}
   (You found it on level 6 of the Dungeon)

   It reduces the magical energy of the wielder, and disrupts the spells and
   magical abilities of those it strikes.
   Natural abilities and divine invocations are not affected.
   Str:       It affects your strength (+2).
 i - a +1 hand axe of electrocution
 n - a +2 dagger of electrocution (weapon)
Missiles
 l - 22 poisoned darts (quivered)
 q - 11 boomerangs
 t - a javelin
 u - a silver javelin
 v - a throwing net
Armour
 b - a +0 leather armour
 o - a +0 pair of boots (worn)
 y - +0 swamp dragon scales (worn)
Wands
 g - a wand of digging (3)
Scrolls
 c - 2 scrolls of fog
 d - a scroll of magic mapping
 h - 2 scrolls of amnesia
 k - 2 scrolls of teleportation
 z - 2 scrolls of identify
 A - 2 scrolls of enchant weapon
Potions
 f - 3 potions of haste
 j - a potion of mutation
 m - 2 potions of brilliance
 p - a potion of resistance {unknown}
 r - 2 potions of flight
 s - a potion of lignification
 w - 2 potions of curing
 x - a potion of attraction {unknown}
 B - a potion of cancellation {unknown}


   Skills:
 + Level 8.5 Fighting
 + Level 7.1 Short Blades
 + Level 5.2 Long Blades
 + Level 5.2 Axes
 + Level 5.2 Maces & Flails
 + Level 5.2 Polearms
 + Level 5.2 Staves
 + Level 5.2 Slings
 + Level 5.2 Bows
 + Level 5.2 Crossbows
 + Level 5.2 Throwing
 + Level 5.2 Armour
 + Level 7.1 Dodging
 + Level 10.9 Stealth
 + Level 5.2 Shields
 + Level 5.2 Unarmed Combat
 + Level 5.2 Spellcasting
 + Level 4.3 Conjurations
 + Level 4.3 Hexes
 + Level 4.3 Summonings
 + Level 4.3 Necromancy
 + Level 4.3 Translocations
 + Level 4.3 Transmutations
 + Level 4.3 Fire Magic
 + Level 4.3 Ice Magic
 + Level 4.3 Air Magic
 + Level 4.3 Earth Magic
 + Level 4.3 Poison Magic
 + Level 5.8 Invocations
 + Level 5.2 Evocations


You had 19 spell levels left.
You didn't know any spells.
Your spell library contained the following spells:

 Spells                   Type           Power      Damage    Failure   Level
 Scorch                   Fire           28%        2d6       9%          2
 Static Discharge         Conj/Air       14%        N/A       9%          2
 Animate Dead             Necr           7%         N/A       52%         4
 Dispel Undead            Necr           14%        3d10      52%         4
 Flame Wave               Conj/Fire      14%        2d6       52%         4
 Sticky Flame             Conj/Fire      14%        2d4       52%         4
 Lightning Bolt           Conj/Air       7%         1d19      86%         5
 Summon Cactus Giant      Summ           7%         N/A       100%        6
 Haunt                    Necr/Summ      7%         N/A       100%        7
 Infestation              Necr           7%         N/A       100%        8
 Maxwell's Capacitive Co  Air            7%         ∞         100%        8


Dungeon Overview and Level Annotations

Branches:
Dungeon (9/15)             Temple (0/1) D:6
   Lair: D:8-11         Orc: D:9-12

Altars:
Cheibriados
Elyvilon
Fedhas
Kikubaaqudgha
Okawaru
Xom

Shops:
D:1 [   D:2 (   D:5 (   D:6 =


Innate Abilities, Weirdness & Mutations

You have very sharp teeth.
Your uncanny sense of smell can sniff out nearby items.
Your experience applies equally to all skills.


Message History

The wyvern bites you but does no damage.
You closely miss the wyvern. Your bite misses the wyvern.
The wyvern completely misses you.
You hit the wyvern. Lightning courses through the wyvern!
You bite the wyvern, but do no damage.
The wyvern is severely wounded.
The wyvern bites you!
* * * LOW HITPOINT WARNING * * *
You hit the wyvern. Lightning courses through the wyvern!
You kill the wyvern!
You hit the yak but do no damage.
The yak is lightly wounded.
You hit the yak.
The yak is moderately wounded.
The yak gores you!
* * * LOW HITPOINT WARNING * * *
You completely miss the yak.
The yak is moderately wounded.
The yak barely misses you.
You hit the yak. Lightning courses through the yak!
You bite the yak, but do no damage.
The yak is severely wounded.
You hit the yak.
The yak is almost dead.
The yak misses you.
You hit the yak but do no damage.
The yak is almost dead.
The yak gores you.
* * * LOW HITPOINT WARNING * * *
You hit the yak. You bite the yak.
The yak is almost dead.
You hit the yak but do no damage. You bite the yak.
The yak is almost dead.
The yak closely misses you.
You barely miss the yak.
The yak is almost dead.
You barely miss the yak.
The yak is almost dead.
The yak gores you.
You die...

≈≈≈≈......###.## #.# #.##.
.........<.....# #.# #.##.
..######[####..# ##.#####.### #.#
####.####.[# #........#
#.###.......#..# #...######
#..............# #...######
#.....##)##.#.[# #####........#
#.....##.......###..........>.###
#.....##.##..>.[@Y÷..............
#.....##[####.####...............
#.....##.####.# ###.#...........
##............# #.#>..#..##...
############..# #..l.....###..
#...# #)## #.....#..###..
#...########)# #.............
#......)..##.# ####.#......[#..
.......##.##.# #.......#.##.###


You could see a yak.

Vanquished Creatures
  Pikel (D:8)
  2 centaur zombies
  Maggie (D:7)
  A troll (D:8)
  Prince Ribbit (D:7)
  A wyvern (D:8)
  2 yaks (D:8)
  3 vampire mosquitoes (D:8)
  An acid dragon (D:8)
  A sky beast (D:6)
  An ice beast (D:7)
  An orc warrior (D:6)
  3 black bears
  A necrophage (D:6)
  A centaur (D:9)
  A kobold brigand (D:6)
  A bullfrog (D:6)
  A scorpion (D:5)
  A wyvern zombie (D:8)
  A wyvern skeleton (D:6)
  5 killer bees (D:8)
  4 wights (D:8)
  A bullfrog zombie (D:7)
  A jelly (D:8)
  A hound (D:5)
  3 orc priests
  2 centaur skeletons (D:5)
  2 gnoll shamans
  3 iguanas
  5 orc wizards
  A howler monkey skeleton (D:6)
  4 adders
  14 gnolls
  A shadow imp (D:5)
  An ufetubus (D:4)
  3 worms
  A dart slug (D:2)
  18 orcs
  2 bats
  5 endoplasms
  3 giant cockroaches
  6 hobgoblins
  8 jackals
  12 kobolds
  3 quokkas
  3 training dummies (D:5)
  8 ball pythons
  3 frilled lizards
  8 goblins
  4 rats
161 creatures vanquished.

Vanquished Creatures (others)
  A human (D:7)
  An orc wizard (D:6)
  A fungus (D:9)
3 creatures vanquished.

Grand Total: 164 creatures vanquished

Notes
Turn   | Place    | Note
-------+----------+-------------------------------------------
     0 | D:5      | Reached skill level 9 in Stealth
     0 | D:5      | MisterFreud the Gnoll Delver began the quest for the Orb.
     0 | D:5      | Reached XP level 1. HP: 23/23 MP: 1/1
     1 | D:6      | Found Cotumatem's Jewellery Emporium.
     2 | D:6      | Noticed a gnoll shaman
    48 | D:5      | Reached XP level 2. HP: 16/29 MP: 2/2
   429 | D:1      | Found Hoiphaod's Armour Shoppe.
   584 | D:1      | Reached XP level 3. HP: 35/35 MP: 3/3
  1164 | D:2      | Noticed a shining eye
  1165 | D:2      | Found a faded altar of an unknown god.
  1171 | D:2      | Noticed a great orb of eyes
  1171 | D:2      | Noticed a golden eye
  1171 | D:2      | Noticed a golden eye
  1176 | D:2      | Prayed at the altar of an unknown god.
  1176 | D:2      | Became a worshipper of Elyvilon the Healer
  1176 | D:2      | Reached * piety under Elyvilon
  1214 | D:2      | Found Yrrirch Bemiq's Antique Weapon Shoppe.
  1320 | D:2      | Reached skill level 1 in Invocations
  1419 | D:2      | Reached skill level 1 in Long Blades
  1419 | D:2      | Reached skill level 1 in Axes
  1419 | D:2      | Reached skill level 1 in Maces & Flails
  1419 | D:2      | Reached skill level 1 in Polearms
  1419 | D:2      | Reached skill level 1 in Staves
  1419 | D:2      | Reached skill level 1 in Slings
  1419 | D:2      | Reached skill level 1 in Bows
  1419 | D:2      | Reached skill level 1 in Crossbows
  1419 | D:2      | Reached skill level 1 in Throwing
  1419 | D:2      | Reached skill level 1 in Armour
  1419 | D:2      | Reached skill level 1 in Shields
  1419 | D:2      | Reached skill level 1 in Unarmed Combat
  1419 | D:2      | Reached skill level 1 in Spellcasting
  1419 | D:2      | Reached skill level 1 in Evocations
  1419 | D:2      | Reached XP level 4. HP: 25/41 MP: 5/5
  1960 | D:2      | Reached skill level 1 in Conjurations
  1960 | D:2      | Reached skill level 1 in Hexes
  1960 | D:2      | Reached skill level 1 in Summonings
  1960 | D:2      | Reached skill level 1 in Necromancy
  1960 | D:2      | Reached skill level 1 in Translocations
  1960 | D:2      | Reached skill level 1 in Transmutations
  1960 | D:2      | Reached skill level 1 in Fire Magic
  1960 | D:2      | Reached skill level 1 in Ice Magic
  1960 | D:2      | Reached skill level 1 in Air Magic
  1960 | D:2      | Reached skill level 1 in Earth Magic
  1960 | D:2      | Reached skill level 1 in Poison Magic
  2255 | D:3      | Found a blossoming altar of Fedhas.
  2257 | D:3      | Found a snail-covered altar of Cheibriados.
  2258 | D:3      | Found a shimmering altar of Xom.
  2282 | D:3      | Reached ** piety under Elyvilon
  2282 | D:3      | Found an iron altar of Okawaru.
  2689 | D:3      | Reached XP level 5. HP: 47/47 MP: 6/6
  3547 | D:5      | Found Cagigu's Firing Range.
  3561 | D:5      | Reached XP level 6. HP: 45/53 MP: 8/8
  3674 | D:5      | Reached skill level 5 in Short Blades
  3674 | D:5      | Reached skill level 5 in Dodging
  3885 | D:5      | Reached *** piety under Elyvilon
  4109 | D:5      | Reached XP level 7. HP: 50/59 MP: 10/10
  4379 | D:6      | Found a staircase to the Ecumenical Temple.
  4796 | D:6      | Reached skill level 10 in Stealth
  4814 | D:6      | HP: 3/60 [black bear (3)]
  4814 | D:6      | HP: 1/60 [black bear (2)]
  5308 | D:7      | Reached XP level 8. HP: 21/67 MP: 12/12
  5539 | D:6      | Identified the +6 mace "Welaet" {antimagic, Str+2}
  6070 | D:7      | Reached **** piety under Elyvilon
  6137 | D:7      | Noticed Maggie
  6160 | D:7      | Killed Maggie
  6376 | D:7      | Noticed Prince Ribbit
  7000 | D:8      | Reached XP level 9. HP: 73/73 MP: 14/14
  7223 | D:8      | Noticed a troll
  7252 | D:8      | Killed a troll
  7837 | D:8      | Reached skill level 5 in Invocations
  8400 | D:8      | Noticed Pikel
  8434 | D:8      | Killed Pikel
  8435 | D:8      | Reached XP level 10. HP: 13/80 MP: 15/17
  8897 | D:7      | Found an ancient bone altar of Kikubaaqudgha.
  9367 | D:7      | Killed Prince Ribbit
  9410 | D:6      | Reached skill level 5 in Long Blades
  9410 | D:6      | Reached skill level 5 in Axes
  9410 | D:6      | Reached skill level 5 in Maces & Flails
  9410 | D:6      | Reached skill level 5 in Polearms
  9410 | D:6      | Reached skill level 5 in Staves
  9410 | D:6      | Reached skill level 5 in Slings
  9410 | D:6      | Reached skill level 5 in Bows
  9410 | D:6      | Reached skill level 5 in Crossbows
  9410 | D:6      | Reached skill level 5 in Throwing
  9410 | D:6      | Reached skill level 5 in Armour
  9410 | D:6      | Reached skill level 5 in Shields
  9410 | D:6      | Reached skill level 5 in Unarmed Combat
  9410 | D:6      | Reached skill level 5 in Spellcasting
  9410 | D:6      | Reached skill level 5 in Evocations
 10570 | D:8      | HP: 2/82 [yak (12)]
 10571 | D:8      | Elyvilon protects you from harm!
 10983 | D:8      | Slain by a yak

Illustrated notes

Levels and vault maps discovered:
D:1:      nzn_arrival_water_spiral, layout_loops_ring, serial_shops,
          nicolae_shop_statue_plus, hangedman_decor_push, minmay_hedge_maze,
          grunt_decor_mini_mirrors, chequers_mini_garden
D:2:      layout_loops_ring, hellmonk_ecumenical_altar_watching_god,
          serial_shops, nicolae_shop_stone, kennysheep_generic_room_7
D:3:      layout_loops_cross, nicolae_overflow_quartered_altars, st_stairs_7
D:4:      layout_rooms
D:5:      layout_cave_pools, minmay_crystal_room, nicolae_shop_firing_range
D:6:      layout_basic, temple_fountains, serial_shops, nicolae_stop_n_shop_2,
          minmay_misc_feat_rows
D:7:      layout_gridville, tgw_kikubaaqudgha, uniq_maggie, uniq_prince_ribbit1
D:8:      layout_loops_cross, enter_bailey_5, uniq_pikel
D:9:      kennysheep_seaside_town, layout_cave_pools, trog_hazing_becter,
          serial_park, serial_park_square3 [serial_park_minivault_5x5_6],
          serial_park_tiny_2, serial_park_square1 [serial_park_minivault_5x5_3],
          serial_park_square1 [serial_park_minivault_5x5_1],
          serial_park_tiny_pond, lightli_church_of_beogh, uniq_grum

Skill      XL: |  1  2  3  4  5  6  7  8  9 10 |
---------------+-------------------------------+-----
Stealth        | 10 | 10.9
Invocations    | 1 2 3 4 5 |  5.8
Long Blades    | 1 2 3 4 5 |  5.2
Axes           | 1 2 3 4 5 |  5.2
Maces & Flails | 1 2 3 4 5 |  5.2
Polearms       | 1 2 3 4 5 |  5.2
Staves         | 1 2 3 4 5 |  5.2
Slings         | 1 2 3 4 5 |  5.2
Bows           | 1 2 3 4 5 |  5.2
Crossbows      | 1 2 3 4 5 |  5.2
Throwing       | 1 2 3 4 5 |  5.2
Armour         | 1 2 3 4 5 |  5.2
Shields        | 1 2 3 4 5 |  5.2
Unarmed Combat | 1 2 3 4 5 |  5.2
Spellcasting   | 1 2 3 4 5 |  5.2
Evocations     | 1 2 3 4 5 |  5.2
Conjurations   | 1 2 3 4 |  4.3
Hexes          | 1 2 3 4 |  4.3
Summonings     | 1 2 3 4 |  4.3
Necromancy     | 1 2 3 4 |  4.3
Translocations | 1 2 3 4 |  4.3
Transmutations | 1 2 3 4 |  4.3
Fire Magic     | 1 2 3 4 |  4.3
Ice Magic      | 1 2 3 4 |  4.3
Air Magic      | 1 2 3 4 |  4.3
Earth Magic    | 1 2 3 4 |  4.3
Poison Magic   | 1 2 3 4 |  4.3
Short Blades   | 5 6 7 |  7.1
Dodging        | 5 6 7 |  7.1
Fighting       | 7 8 |  8.5

Action                   |  1- 3 |  4- 6 |  7- 9 | 10-12 || total
-------------------------+-------+-------+-------+-------++-------
Melee: Short sword       |    40 |       |       |       ||    40
       Punch             |     1 |     4 |     7 |     4 ||    16
       Dagger            |    24 |   190 |   331 |   134 ||   679
       Bite              |     3 |    23 |    36 |    24 ||    86
Invok: Purification      |       |       |     1 |       ||     1
       Heal Self         |       |       |     1 |     1 ||     2
  Use: Scroll            |       |     9 |     3 |     2 ||    14
       Potion            |       |       |     4 |       ||     4
 Stab: Sleeping          |    15 |    18 |     7 |     3 ||    43
       Distracted        |       |     1 |       |     1 ||     2
Armor: Leather armour    |     6 |    34 |    23 |       ||    63
       Swamp dragon scal |       |       |    57 |    33 ||    90
       Skin              |       |       |     4 |       ||     4
Dodge: Dodged            |    32 |   129 |   171 |    68 ||   400
